Map: Acropolis LE

Players

ShoWTimE - Winner!

  • Race: Protoss Protoss
  • League: Grandmaster
  • Spawn Location: 11:00

DPGPartinG (PartinG)

  • Race: Protoss Protoss
  • League: Master
  • Spawn Location: 5:00

Event: HomeStory Cup XX

VOD

Have the link to the VOD?

Description

Time

  • Played on: Nov. 23, 2019, 5:50 a.m.
  • Length: 14:46

All games in this series

Show
View Real Time Build Order
Export as new Build Order

ShoWTimE Protoss - Winner!

Build Orders: Phoenix Opening 

Get SALT Encoding   

  12  0:00  Probe  
  13  0:12  Probe  
  14  0:17  Pylon  
  14  0:23  Probe  
  15  0:32  Probe  
  15  0:36  Gateway  
  15  0:40  Probe  
  16  0:46  Assimilator  
  17  0:51  Probe  
  17  0:54  Assimilator  
  18  0:59  Probe  
  19  1:07  Probe  
  19  1:10  Gateway  
  19  1:17  Probe  
  20  1:23  Cybernetics Core  
  21  1:29  Probe  
  22  1:33  Pylon  
  22  1:41  Probe  
  23  1:51  Warp Gate  
  23  1:53  Probe  
  24  1:59  Stalker, Sentry  
  28  2:07  Probe  
  29  2:12  Pylon  
  29  2:19  Shield Battery  
  29  2:28  Stalker  
  31  2:30  Stalker  
  31  2:33  Phoenix  
  33  2:48  Nexus  
  33  2:55  Shield Battery  
  33  3:02  Sentry x2  
  37  3:11  Pylon  
  37  3:17  Robotics Facility  
  37  3:24  Shield Battery  
  37  3:32  Shield Battery  
  37  3:38  Adept  
  39  3:43  Adept  
  41  3:54  Immortal  
  41  4:06  Sentry  
  41  4:09  Adept  
  49  4:22  Shield Battery  
  49  4:31  Stalker  
  51  4:37  Probe x2  
  50  4:48  Probe  
  50  4:49  Probe  
  50  4:57  Probe x2  
  50  4:58  Stalker  
  52  5:05  Probe x2  
  55  5:15  Probe  
  55  5:16  Probe  
  55  5:18  Twilight Council  
  55  5:19  Phoenix  
  57  5:27  Probe x2  
  56  5:35  Probe x2  
  55  5:40  Blink  
  57  5:43  Probe  
  57  5:44  Pylon, Probe  
  59  5:54  Probe x2  
  61  6:02  Observer  
  62  6:06  Probe x2  
  64  6:13  Stalker x2  
  64  6:18  Probe  
  69  6:19  Probe  
  68  6:30  Probe  
  68  6:31  Probe  
  66  6:33  Gateway  
  66  6:34  Gateway  
  66  6:39  Stalker  
  68  6:41  Stalker  
  68  6:46  Probe  
  70  6:48  Probe  
  69  7:00  Pylon  
  69  7:02  Pylon  
  69  7:10  Pylon  
  69  7:12  Assimilator  
  69  7:14  Assimilator  
  69  7:17  Pylon  
  69  7:18  Probe  
  69  7:20  Probe  
  69  7:21  Stalker x2  
  75  7:26  Forge  
  75  7:30  Probe  
  75  7:32  Probe  
  75  7:33  Protoss Ground Weapons Level 1  
  75  7:35  Pylon  
  77  7:38  Charge  
  77  7:42  Probe  
  75  7:44  Probe  
  75  7:48  Nexus  
  76  7:51  Pylon  
  76  8:06  Probe x2  
  76  8:12  Gateway  
  78  8:15  Phoenix  
  78  8:23  Gateway  
  78  8:26  Gateway  
  78  8:34  Gateway  
  78  8:38  Templar Archives  
  82  8:42  Probe x2  
  84  8:52  Warp Prism  
  84  8:54  Probe x2, Zealot x3  
  90  9:06  Probe  
  90  9:07  Probe  
  90  9:08  Zealot x2  
  96  9:14  Pylon  
  96  9:15  High Templar x3  
  102  9:18  High Templar  
  102  9:20  Shield Battery  
  102  9:22  Archon x2  
  102  9:23  Stalker  
  106  9:31  Zealot x3  
  112  9:43  Pylon, Protoss Ground Weapons Level 2  
  112  9:44  Probe x3  
  115  9:49  Zealot x2  
  115  9:51  Stargate  
  119  9:56  Stargate  
  119  9:58  Probe x3  
  122  10:09  Assimilator  
  122  10:10  Probe x2  
  122  10:12  Assimilator  
  124  10:18  Zealot x3  
  124  10:21  Pylon  
  130  10:24  Probe x2  
  130  10:27  Phoenix  
  132  10:30  Probe  
  132  10:34  Phoenix x2  
  133  10:40  Photon Cannon  
  133  10:41  Immortal, Phoenix  
  135  10:49  Pylon  
  135  10:50  Phoenix  
  135  10:55  Pylon  
  143  11:03  High Templar x2  
  148  11:04  Probe x2  
  148  11:07  Archon, Probe  
  148  11:10  Phoenix  
  152  11:15  Phoenix  
  152  11:29  Zealot x6  
  164  11:36  Nexus  
  164  11:38  Phoenix  
  164  11:41  Phoenix  
  156  11:58  Zealot x4  
  164  12:03  Pylon  
  164  12:04  Phoenix  
  164  12:05  Pylon  
  164  12:07  Pylon  
  164  12:14  Robotics Bay  
  164  12:15  Robotics Facility  
  164  12:21  Phoenix x2  
  168  12:24  Probe x2  
  168  12:25  Probe  
  171  12:36  Zealot x6  
  183  12:38  Zealot  
  183  12:40  Observer  
  183  12:43  Zealot  
  170  12:52  Disruptor  
  170  12:53  Pylon  
  170  12:56  Disruptor  
  166  12:59  High Templar x5  
  166  13:02  Archon  
  166  13:04  Archon  
  175  13:12  Assimilator  
  178  13:16  Assimilator  
  178  13:17  High Templar  
  178  13:18  Zealot x2  
  182  13:22  Archon  
  182  13:24  Photon Cannon  
  182  13:28  Disruptor  
  182  13:31  Photon Cannon  
  182  13:34  Photon Cannon  
  185  13:43  Disruptor  
  185  13:45  Dark Shrine  
  185  14:03  Zealot x3  
  185  14:04  Disruptor, Zealot x3  
  196  14:13  Pylon  
  196  14:15  Pylon  
  187  14:26  Zealot x3  
  174  14:38  Zealot x4  
Show
View Real Time Build Order
Export as new Build Order

DPGPartinG Protoss 

Build Orders:  

Get SALT Encoding   

  12  0:00  Probe  
  13  0:12  Probe  
  14  0:19  Pylon  
  14  0:24  Probe  
  15  0:33  Probe  
  15  0:37  Gateway  
  15  0:41  Probe  
  16  0:47  Assimilator  
  17  0:51  Probe  
  17  0:55  Assimilator  
  18  1:00  Probe  
  19  1:07  Gateway  
  19  1:08  Probe  
  19  1:18  Probe  
  20  1:24  Cybernetics Core  
  21  1:30  Probe  
  22  1:34  Pylon  
  22  1:42  Probe  
  23  2:00  Robotics Facility  
  23  2:01  Warp Gate  
  23  2:02  Stalker  
  25  2:08  Stalker  
  25  2:10  Probe  
  28  2:17  Pylon  
  28  2:32  Stalker  
  30  2:38  Immortal, Stalker  
  36  3:09  Warp Prism  
  38  3:20  Pylon  
  38  3:25  Stargate  
  36  3:56  Stalker  
  36  3:57  Stalker  
  40  4:07  Nexus  
  40  4:12  Oracle  
  43  4:24  Adept  
  43  4:26  Adept  
  47  4:31  Pylon  
  43  4:54  Sentry x2  
  43  4:55  Shield Battery x2  
  43  4:58  Probe  
  48  5:04  Phoenix  
  50  5:13  Pylon  
  50  5:17  Pylon  
  50  5:29  Phoenix  
  50  5:31  Probe  
  50  5:32  Probe  
  51  5:44  Probe  
  51  5:47  Probe  
  53  5:53  Probe  
  54  5:59  Probe  
  54  6:00  Phoenix  
  54  6:01  Probe  
  57  6:10  Probe  
  57  6:11  Probe  
  57  6:12  Pylon  
  59  6:22  Probe  
  60  6:27  Probe  
  60  6:31  Probe, Phoenix  
  63  6:35  Probe  
  63  6:37  Robotics Facility  
  63  6:39  Probe  
  65  6:43  Probe  
  66  6:48  Probe  
  66  6:50  Zealot x2  
  66  6:54  Probe  
  72  7:00  Assimilator  
  72  7:01  Gateway  
  75  7:02  Assimilator  
  75  7:09  Twilight Council  
  75  7:12  Adept x2  
  79  7:16  Immortal  
  81  7:34  Shield Battery  
  81  7:37  Gateway x2  
  81  7:41  Blink, Probe  
  81  7:42  Probe  
  81  7:43  Gateway  
  83  7:44  Zealot  
  83  7:49  Pylon x2  
  85  7:57  Robotics Bay  
  85  8:04  Immortal  
  85  8:15  Stalker  
  85  8:16  Stalker  
  87  8:21  Stalker  
  89  8:39  Nexus  
  89  8:40  Pylon, Observer  
  90  8:55  Disruptor  
  90  9:02  Stalker x4  
  101  9:08  Stalker  
  103  9:13  Stalker  
  103  9:16  Probe  
  107  9:20  Forge  
  106  9:34  Probe x2  
  108  9:41  Protoss Ground Weapons Level 1  
  108  9:43  Nexus  
  108  9:45  Charge  
  108  9:48  Pylon  
  108  9:49  Pylon  
  108  9:51  Extended Thermal Lance  
  108  9:56  Colossus  
  108  10:02  Probe x2  
  116  10:17  Probe x2  
  118  10:28  Robotics Facility  
  118  10:34  Pylon  
  118  10:35  Gateway  
  118  10:37  Gateway  
  118  10:39  Colossus  
  118  10:40  Shield Battery  
  118  10:42  Shield Battery  
  116  10:44  Shield Battery  
  116  10:56  Probe x3  
  125  11:03  Zealot x3  
  131  11:07  Assimilator  
  131  11:10  Assimilator  
  131  11:18  Probe x2, Colossus  
  131  11:23  Colossus  
  133  11:31  Templar Archives  
  139  11:36  Observer  
  139  11:37  Probe x3  
  138  12:08  Pylon  
  137  12:09  Zealot x6  
  137  12:10  Protoss Ground Weapons Level 2  
  137  12:14  Pylon x2  
  137  12:15  Photon Cannon  
  147  12:16  Pylon  
  147  12:19  Stalker, Photon Cannon  
  147  12:22  Photon Cannon  
  149  12:38  Zealot x6  
  149  12:39  Warp Prism, Zealot  
  149  12:41  Colossus  
  149  12:43  Zealot  
  155  12:55  Zealot  
  151  13:08  High Templar x7  
  161  13:16  Archon x3  
  161  13:17  High Templar  
  163  13:24  Archon  
  161  13:38  Pylon  
  161  13:40  Pylon  
  161  13:41  Pylon  
  161  13:42  High Templar x3  
  161  13:43  Zealot x4  
  161  13:46  Archon  
  171  14:08  Zealot x5  
  167  14:19  Zealot x3  
  146  14:30  Zealot x5  
  108  14:40  Zealot x3  
Tags
 
Add a new tag
Caveats
  • Supply blocks, unpowered buildings, or Contaminate may cause inaccurate times.
  • Supply counts are checked every 10 seconds.